 Dungeon Crawl Stone Soup version 0.29-a0-495-g17b79114eb (webtiles) character file.

Game seed: 2145393504257810028

55 sammy202020 the Skirmisher (level 3, -3/34 HPs)
             Began as a Minotaur Fighter on May 28, 2022.
             Killed from afar by a white imp (8 damage)
             ... with a puff of frost
             ... summoned by Natasha
             ... on level 3 of the Dungeon.
             The game lasted 00:01:55 (1999 turns).

sammy202020 the Skirmisher (Minotaur Fighter)       Turns: 1999, Time: 00:01:56

Health: -3/34      AC:  7    Str: 20    XL:     3   Next: 67%
Magic:  2/2        EV:  9    Int:  7    God:
Gold:   141        SH:  5    Dex:  9    Spells: 2/2 levels left

rFire   . . .      SeeInvis .   a - +1 war axe
rCold   . . .      Faith    .   c - +1 buckler
rNeg    + . .      Spirit   .   b - +0 scale mail
rPois   .          Reflect  .   (helmet restricted)
rElec   .          Harm     .   (no cloak)
rCorr   .          Rampage  .   (no gloves)
Will    .....                   (no boots)
Stlth   ..........              (no amulet)
HPRegen 0.11/turn               g - ring of positive energy
MPRegen 0.08/turn               (no ring)

@: no status effects
A: horns 2, retaliatory headbutt
a: no special abilities


You were on level 3 of the Dungeon.
You visited 1 branch of the dungeon, and saw 3 of its levels.

You collected 141 gold pieces.

Inventory:

Hand Weapons
 a - a +1 war axe (weapon)
Armour
 b - a +0 scale mail (worn)
 c - a +1 buckler (worn)
Jewellery
 g - a ring of positive energy (left hand)
 h - a ring of protection from fire
Scrolls
 f - a scroll of enchant armour
Potions
 d - a potion of might
 e - 4 potions of curing
 m - 2 potions of flight
 p - 3 potions of heal wounds


   Skills:
 * Level 4.3 Fighting
 * Level 3.3 Axes
 + Level 4.0 Armour
 + Level 1.2 Dodging
 + Level 3.9 Shields


You had 2 spell levels left.
You didn't know any spells.
Your spell library contained the following spells:

 Spells                   Type           Power      Damage    Failure   Level
 Apportation              Tloc           0%         N/A       86%         1
 Necrotize                Necr           0%         1d4       86%         1
 Slow                     Hex            0%         N/A       86%         1
 Summon Small Mammal      Summ           0%         N/A       86%         1
 Confusing Touch          Hex            0%         N/A       99%         3
 Vampiric Draining        Necr           0%         2d6       99%         3
 Summon Forest            Summ/Tloc      0%         N/A       100%        5
 Summon Mana Viper        Hex/Summ       0%         N/A       100%        5
 Summon Cactus Giant      Summ           0%         N/A       100%        6


Dungeon Overview and Level Annotations

Branches:
Dungeon (3/15)

Altars:

Annotations:
D:3 Natasha


Innate Abilities, Weirdness & Mutations

You have a pair of horns on your head.
You reflexively headbutt those who attack you in melee.


Message History

You are too injured to fight recklessly!
Sorry, you're not good enough to have a special ability.
Natasha claws you but does no damage. The white imp gestures at you.
The puff of frost hits you.
You closely miss Natasha. You hit the white imp.
Natasha wildly gestures.
Natasha's front paws start to glow.
Natasha claws you but does no damage. The white imp misses you.
You closely miss Natasha. You hit the white imp but do no damage.
Natasha misses you. The white imp gestures at you.
The puff of frost misses you.
Natasha mumbles some strange words.
You feel disoriented.
Natasha mumbles some strange words.
The white imp hits you but does no damage.
You completely miss Natasha. Your headbutt misses Natasha.
You hit the white imp. You closely miss the crimson imp.
Natasha completely misses you. The white imp hits you.
The white imp freezes you.
* * * LOW HITPOINT WARNING * * *
The crimson imp hits you but does no damage.
You hit Natasha.
Natasha is heavily wounded.
You barely miss the white imp. You closely miss the crimson imp.
Natasha zaps a wand.
The puff of flame hits you.
* * * LOW HITPOINT WARNING * * *
The white imp closely misses you. The crimson imp barely misses you.
You closely miss Natasha.
Natasha is heavily wounded.
You closely miss the white imp. You hit the crimson imp.
Natasha zaps a wand.
The puff of flame hits you.
* * * LOW HITPOINT WARNING * * *
You block the white imp's attack. You block the crimson imp's attack.
Natasha barely misses you.
The white imp lashes its tail.
The white imp gestures at you. The puff of frost hits you!
You die...

#(..........#
#...........#
#........)..#
#...........#
#...........#
.........####
...?.....#
......5.5#
......h@.#
.........#
.........#
####.##### #.
##


You could see Natasha, a crimson imp (summoned) and a white imp (summoned).

Vanquished Creatures
  A gnoll (D:1)
  2 dart slugs (D:2)
  3 endoplasms (D:2)
  4 goblins
  9 hobgoblins
  5 kobolds
  A quokka (D:2)
  4 ball pythons
  4 bats
  2 frilled lizards
  3 rats
38 creatures vanquished.

Notes
Turn   | Place    | Note
-------+----------+-------------------------------------------
     0 | D:1      | sammy202020 the Minotaur Fighter began the quest for the
                  | Orb.
     0 | D:1      | Reached XP level 1. HP: 19/19 MP: 0/0
   445 | D:1      | Found a faded altar of an unknown god.
   463 | D:1      | Reached XP level 2. HP: 22/27 MP: 1/1
  1325 | D:2      | Reached XP level 3. HP: 33/33 MP: 2/2
  1602 | D:2      | Reached skill level 1 in Dodging
  1989 | D:3      | Noticed Natasha
  1999 | D:3      | Killed from afar by a white imp

Illustrated notes

Levels and vault maps discovered:
D:1:      heliophobic_arrival_battle_scene, layout_basic,
          hellmonk_ecumenical_altar_zigzags
D:2:      layout_rooms, minmay_fractal_squares_gapless_5
D:3:      layout_basic, uniq_natasha

Skill      XL: |  1  2  3 |
---------------+----------+-----
Fighting       | 4 |  4.3
Axes           | 3 |  3.3
Dodging        | 1 |  1.2
Armour         | 4 |  4.0
Shields        | |  3.9

Action                   || total
-------------------------++-------
Melee: War axe           ||    73
       Headbutt          ||     9
  Use: Scroll            ||     9
Armor: Scale mail        ||    32
Dodge: Dodged            ||    29
Block: Buckler           ||    20

Table legend: (Time is in decaauts)
 A = Elapsed time spent in this place.
 B = Non-inter-level travel time spent in this place.
 C = Inter-level travel time spent in this place.
 D = Time resting spent in this place.
 E = Time spent auto-exploring this place.
 F = Levels seen in this place.
 G = Mean time per level.
                   A        B        C        D        E       F      G
               +--------+--------+--------+--------+--------+-----+--------+
         Total |   2025 |   1943 |     82 |      0 |   1672 |   3 |  675.0 |
       Dungeon |   2025 |   1943 |     82 |      0 |   1672 |   3 |  675.0 |
               +--------+--------+--------+--------+--------+-----+--------+

Top non-repeatable levels by time:
     D:1: 1130 daAuts
     D:2: 752 daAuts
     D:3: 141 daAuts
